 Dungeon Crawl Stone Soup version 0.20.1-1-g8b1a95d (webtiles) character file.

1775 Irenicus the Cleaver (level 8, 0/68 HPs)
             Began as a Deep Dwarf Berserker on Nov 11, 2017.
             Was a Priest of Trog.
             Slain by an iguana (6 damage)
             ... on level 5 of the Dungeon.
             The game lasted 00:14:49 (1734 turns).

Irenicus the Cleaver (Deep Dwarf Berserker)         Turns: 1734, Time: 00:14:51

Health: 0/68       AC:  9    Str: 21    XL:     8   Next: 80%
Magic:  6/6        EV: 12    Int:  8    God:    Trog [***...]
Gold:   129        SH:  0    Dex: 22    Spells: 7/7 levels left

rFire    . . .     SeeInvis .   a - +0 hand axe
rCold    . . .     Gourm    .   (no shield)
rNeg     . . .     Faith    .   k - +0 ring mail
rPois    +         Spirit   .   (no helmet)
rElec    .         Reflect  .   (no cloak)
rCorr    .         Harm     .   (no gloves)
MR       +....     Rnd*Tele +   y - +0 pair of boots
Stlth    ..........             n - amulet of rage
Regen    0.0/turn               j - +3 ring of protection
MPRegen  0.1/turn               q - ring of Xikusabb {*Tele rPois Dex+8 Stlth-}

@: berserk cooldown, non-regenerating, slowed, very slow
A: damage resistance, heal wounds, sense surroundings 1, no regeneration
a: Heal Wounds, Berserk, Trog's Hand, Burn Spellbooks, Renounce Religion, Evoke
Berserk Rage


You were on level 5 of the Dungeon.
You worshipped Trog.
Trog was most pleased with you.
You were hungry.

You visited 1 branch of the dungeon, and saw 7 of its levels.

You collected 129 gold pieces.

Inventory:

Hand Weapons
 a - a +0 hand axe (weapon)
 g - a +4 club
Armour
 k - a +0 ring mail (worn)
 y - a +0 pair of boots (worn)
Jewellery
 j - a +3 ring of protection (left hand)
 n - an amulet of rage (around neck)
 q - the ring of Xikusabb (right hand) {*Tele rPois Dex+8 Stlth-}
   (You found it on level 4 of the Dungeon)

   [ring of teleportation]

   It may teleport you next to monsters.
   It affects your dexterity (+8).
   It protects you from poison.
   It makes you less stealthy.
 r - an uncursed ring of magical power
Wands
 o - a wand of polymorph (0/24)
 v - a wand of random effects (22/48)
Scrolls
 d - a scroll of immolation {unknown}
 h - a scroll of enchant armour
 i - 3 scrolls of teleportation
 l - a scroll of enchant weapon {unknown}
 m - 4 scrolls of remove curse
Potions
 e - a potion of mutation
 p - 2 potions of might
 s - a potion of heal wounds
 t - a potion of curing
 w - a potion of magic {unknown}
Books
 u - a book of Geomancy

   Spells                             Type                      Level
   a - Sandblast                      Earth                        1
   b - Passwall                       Transmutation/Earth          2
   c - Stone Arrow                    Conjuration/Earth            3
   d - Petrify                        Transmutation/Earth          4
   e - Lee's Rapid Deconstruction     Earth                        5
   Trog disapproves of the use of such an item.
 x - the Collected Works on Supportive Stones
   (You found it on level 5 of the Dungeon)

   Spells                             Type                      Level
   a - Summon Lightning Spire         Summoning/Air                4
   b - Lee's Rapid Deconstruction     Earth                        5
   c - Summon Demon                   Summoning                    5
   Trog disapproves of the use of such an item.
Comestibles
 b - a chunk of flesh
 c - a bread ration


   Skills:
 - Level 2.6 Fighting
 + Level 12.5 Axes
 - Level 2.1 Armour
 - Level 2.1 Dodging


You had 7 spell levels left.
You didn't know any spells.

Dungeon Overview and Level Annotations

Branches:
Dungeon (7/15)
 Temple: D:4-7

Altars:

Shops:
D:4 ?


Innate Abilities, Weirdness & Mutations

You are resistant to damage.
You can heal yourself by infusing magical energy.
You passively map a small area around you.
You do not regenerate.


Message History

The ice beast is heavily wounded.
You slash the ice beast!
The ice beast is almost dead.
The ice beast closely misses you.
You closely miss the ice beast.
The ice beast is almost dead.
You hit the ice beast.
You kill the ice beast!
Trog accepts your kill.
You feel a strong urge to attack something.
You are no longer berserk.
You are exhausted.
You feel yourself slow down.
An iguana comes into view.
The iguana hisses angrily.
The iguana closely misses you.
You hit the iguana.
The iguana is moderately wounded.
The iguana bites you!
You die...

#.# #.# #.# #.# #.#
#.# #########.# #.#
#####.........# #.#
......######### #.#
.....<# #.# .....##
########.##
...............l@..#
.....###############
.....# .....# ######


You could see an iguana.

Vanquished Creatures
  A naga (D:4)
  Edmund (D:6)
  The ghost of Tenz the Sneak, an amateur SpAs (D:5)
  Duvessa (D:4)
  3 ice beasts
  A phantom (D:4)
  An ogre (D:4)
  A crocodile (D:7)
  2 big kobolds (D:4)
  Dowan (D:4)
  A crimson imp (D:5)
  A bullfrog skeleton (D:4)
  A jelly (D:5)
  3 hounds
  2 orc wizards
  4 orc priests
  Jessica (D:2)
  An iguana (D:4)
  Terence (D:3)
  2 worker ants (D:4)
  2 hound skeletons (D:5)
  3 adders
  4 gnolls (D:5)
  A shadow imp (D:5)
  3 adder skeletons
  2 worms
  A dart slug (D:3)
  2 leopard geckos
  18 orcs
  2 bats
  A giant cockroach (D:5)
  3 goblins
  A hobgoblin (D:4)
  9 kobolds (D:4)
  A frilled lizard (D:4)
  A jackal zombie (D:5)
  A leopard gecko skeleton (D:4)
85 creatures vanquished.

Notes
Turn   | Place    | Note
-------+----------+-------------------------------------------
     0 | D:1      | Irenicus the Deep Dwarf Berserker began the quest for the Orb.
     0 | D:1      | Reached XP level 1. HP: 20/20 MP: 1/1
   113 | D:2      | Noticed Jessica
   121 | D:2      | Killed Jessica
   121 | D:2      | Reached skill level 4 in Axes
   121 | D:2      | Reached XP level 2. HP: 5/27 MP: 2/2
   121 | D:2      | Reached XP level 3. HP: 6/33 MP: 3/3
   265 | D:3      | Reached skill level 5 in Axes
   271 | D:3      | Reached XP level 4. HP: 37/40 MP: 3/3
   348 | D:3      | Reached skill level 6 in Axes
   348 | D:3      | Reached XP level 5. HP: 24/46 MP: 4/4
   436 | D:3      | Noticed Terence
   441 | D:3      | Killed Terence
   658 | D:4      | Noticed Dowan
   660 | D:4      | Noticed Duvessa
   697 | D:4      | Killed Dowan
   697 | D:4      | Reached skill level 7 in Axes
   719 | D:4      | Noticed an ogre
   724 | D:4      | Killed an ogre
   724 | D:4      | Reached XP level 6. HP: 18/55 MP: 5/5
   728 | D:4      | Reached ** piety under Trog
   728 | D:4      | Reached skill level 8 in Axes
   813 | D:4      | Killed Duvessa
   832 | D:4      | Got a serpentine ivory ring
   833 | D:4      | Identified the ring of Xikusabb {*Tele rPois Dex+8 Stlth-} (You found it on level 4 of the Dungeon)
   848 | D:4      | Noticed a naga
   848 | D:4      | a worm changed into a naga
   863 | D:4      | Killed a naga
   863 | D:4      | Reached skill level 9 in Axes
   863 | D:4      | Reached XP level 7. HP: 27/61 MP: 5/5
   918 | D:4      | Found Pesileps's Magic Scroll Boutique.
  1225 | D:4      | Reached skill level 10 in Axes
  1308 | D:5      | Entered Level 5 of the Dungeon
  1335 | D:5      | You fall through a shaft for 2 floors!
  1352 | D:7      | Reached XP level 8. HP: 5/68 MP: 6/6
  1371 | D:6      | Noticed Edmund
  1379 | D:6      | Killed Edmund
  1391 | D:6      | Reached skill level 11 in Axes
  1416 | D:5      | Noticed Tenz's ghost (amateur SpAs)
  1435 | D:5      | Killed Tenz's ghost
  1487 | D:5      | Identified the Collected Works on Supportive Stones
  1583 | D:5      | Reached skill level 12 in Axes
  1607 | D:5      | Reached *** piety under Trog
  1734 | D:5      | Slain by an iguana

Skill      XL: |  1  2  3  4  5  6  7  8 |
---------------+-------------------------+-----
Axes           | 4 5 6 7 9 10 12 | 12.5
Fighting       | |  2.6
Armour         | |  2.1
Dodging        | |  2.1

Action                   |  1- 3 |  4- 6 |  7- 9 || total
-------------------------+-------+-------+-------++-------
Melee: Hand axe          |     6 |   127 |   209 ||   342
       Club              |    24 |     8 |       ||    32
Invok: Berserk           |     3 |     6 |     6 ||    15
       Trog's Hand       |       |       |     4 ||     4
 Abil: Heal Wounds       |     2 |     5 |     1 ||     8
Evoke: Wand              |       |     2 |     1 ||     3
  Use: Potion            |     1 |     1 |     2 ||     4
       Scroll            |       |     3 |     5 ||     8
  Eat: Chunk             |       |     4 |     7 ||    11
       Bread ration      |       |     1 |       ||     1
       Royal jelly       |       |       |     1 ||     1
Armor: Animal skin       |     1 |       |       ||     1
       Leather armour    |     7 |    11 |       ||    18
       Ring mail         |       |    37 |    55 ||    92
Dodge: Dodged            |    19 |    88 |    73 ||   180
